 Seeded DCSS version 0.31-a0-544-gceb718ecc6 (webtiles) character file.

Game seed: 3826825538972431165 (custom seed)

1360 innerfire43 the Trooper (level 8, -6/64 HPs)
             Began as a Demonspawn Monk on Aug 15, 2023.
             Was a Believer of Qazlal.
             Killed by nerve-wracking pain
             ... invoked by an orc priest
              (13 damage)
             ... on level 4 of the Dungeon.
             The game lasted 00:05:45 (3252 turns).

innerfire43 the Trooper (Demonspawn Monk)           Turns: 3252, Time: 00:05:46

Health: -6/64      AC: 19    Str: 13    XL:     8   Next: 37%
Magic:  8/8        EV: 13    Int: 12    God:    Qazlal [**....]
Gold:   279        SH:  6    Dex: 20    Spells: 7/7 levels left

rFire   . . .        a - +0 spear
rCold   + . .        d - orb {light}
rNeg    . . .        h - +0 ring mail
rPois   .            s - +0 helmet
rElec   .            e - +5 cloak "Ruzuykidd" {Dex+4}
rCorr   .            (no gloves)
SInv    +            (no boots)
Will    .....        (no amulet)
Stlth   +            r - ring of protection from cold
HPRegen 0.30/turn    u - ring of see invisible
MPRegen 0.22/turn

%: no passive effects
@: glowing
A: hooves 1, molten scales 1, icemail 1, magic regeneration, condensation shield
a: Renounce Religion, Upheaval


You were on level 4 of the Dungeon.
You worshipped Qazlal.
Qazlal was pleased with you.
You visited 1 branch of the dungeon, and saw 4 of its levels.
You also visited: Ossuary.

You collected 279 gold pieces.

Inventory:

Hand Weapons
 a - a +0 spear (weapon)
Missiles
 b - 2 boomerangs
Armour
 d - an orb of light (worn)
 e - the +5 cloak "Ruzuykidd" (worn) {Dex+4}
   (You acquired it on level 1 of the Dungeon)

   Dex+4:     It affects your dexterity (+4).
 h - a +0 ring mail (worn)
 s - a +0 helmet (worn)
Jewellery
 r - a ring of protection from cold (left hand)
 u - a ring of see invisible (right hand)
Wands
 c - a wand of polymorph (12)
Scrolls
 f - 2 scrolls of vulnerability {unknown}
 g - a scroll of amnesia {unknown}
 i - 2 scrolls of brand weapon {unknown}
 k - 2 scrolls of identify {unknown}
 l - 7 scrolls of noise
 q - a scroll of torment {unknown}
 t - 2 scrolls of enchant armour {unknown}
 x - a scroll of fog {unknown}
 y - a scroll of enchant weapon {unknown}
 A - a scroll of blinking {unknown}
 B - a scroll of fear {unknown}
 C - a scroll of teleportation {unknown}
Potions
 j - 2 potions of mutation {unknown}
 m - a potion of enlightenment {unknown}
 n - 3 potions of curing {unknown}
 o - 2 potions of cancellation {unknown}
 p - 4 potions of brilliance {unknown}
 v - 2 potions of invisibility {unknown}
 w - 2 potions of might {unknown}
 z - a potion of haste {unknown}
 D - a potion of lignification {unknown}


   Skills:
 + Level 5.9 Fighting
 + Level 5.4 Polearms
 + Level 4.4 Armour
 + Level 5.4 Dodging


You had 7 spell levels left.
You didn't know any spells.
Your spell library contained the following spells:

 Spells                   Type           Power      Damage    Failure   Level
 Necrotise                Necr           0%         1d4       54%         1
 Vampiric Draining        Necr           0%         2d6       89%         3
 Agony                    Necr           0%         N/A       100%        5


Dungeon Overview and Level Annotations

Branches:
Dungeon (4/15)             Temple (0/1) D:4         Ossuary (visited)

Altars:
Qazlal


Innate Abilities, Weirdness & Mutations

You have large cloven feet.
You are partially covered in molten scales. (AC +2)
A meltable icy envelope protects you from harm. (AC +4)
You regenerate magic rapidly.
A meltable shield of frost defends you. (SH +4)


Message History

You kick the orc priest, but do no damage.
The orc priest is severely wounded.
The orc closely misses you.
The orc priest calls down the wrath of Beogh upon you.
Pain shoots through your body!
There are monsters nearby!
You hit the orc priest.
You kick the orc priest, but do no damage.
The orc priest is almost dead.
The orc priest invokes the aid of Beogh against you.
Beogh smites you! The orc closely misses you.
The orc priest looks encouraged for a moment.
There are monsters nearby!
You hit the orc priest but do no damage.
The orc priest is almost dead.
The orc priest mumbles some strange prayers to Beogh against you.
Beogh smites you! The orc completely misses you.
The orc priest calls down the wrath of Beogh upon you.
Beogh smites you!
* * * LOW HITPOINT WARNING * * *
A goblin comes into view. It is wielding a +0 dagger.
You completely miss the orc priest.
The orc priest is almost dead.
The orc priest mumbles some strange prayers to Beogh against you.
Beogh smites you!
* * * LOW HITPOINT WARNING * * *
You block the orc's attack.
The orc priest casts a cantrip, but nothing happens.
You hit the orc priest but do no damage.
You kick the orc priest, but do no damage.
The orc priest is almost dead.
Unknown command.
Unknown command.
You hit the orc priest.
You kill the orc priest!
Qazlal accepts your kill. You block the orc's attack.
The orc priest calls down the wrath of Beogh upon you.
Pain shoots through your body!
You die...

.... .g..
...### #....#
#....# #o..$#
#°o..# ###
#@)..# ..
########....#
#.#
##.........###
###..#
##........#.#
....#####
#............#
#........
#..........#.#
#.#
#..........#..#
##.#
#..........#..#
#..#
#..........##.#
##.##


You could see an orc priest, an orc and a goblin.

Vanquished Creatures
  Pikel (D:4)
  Grinder (D:4)
  Eustachio (D:4)
  A centaur (D:4)
  2 lemures (D:4)
  2 human zombies (Ossuary)
  A jelly (D:4)
  2 orc priests
  Jessica (D:2)
  3 iguanas (D:4)
  6 mummies
  Robin (D:2)
  5 adders
  4 gnolls (D:3)
  A worm (D:3)
  A dart slug (D:1)
  7 orcs
  4 bats
  8 endoplasms
  5 giant cockroaches
  14 goblins
  8 hobgoblins
  2 jackals (D:2)
  4 kobolds
  2 quokkas
  6 ball pythons
  4 frilled lizards
  A goblin zombie (Ossuary)
  3 kobold zombies (Ossuary)
  2 orc zombies (Ossuary)
  6 rats
109 creatures vanquished.

Notes
Turn   | Place    | Note
-------+----------+-------------------------------------------
     0 | D:1      | innerfire43 the Demonspawn Monk began the quest for the
                  | Orb.
     0 | D:1      | Reached XP level 1. HP: 18/18 MP: 1/1
    44 | D:1      | Identified a scroll of acquirement
    44 | D:1      | Acquired the +5 cloak "Ruzuykidd" {Dex+4}
   165 | D:1      | Gained mutation: A meltable shield of frost defends you.
                  | (SH +4) [demonic ancestry]
   165 | D:1      | Reached XP level 2. HP: 24/24 MP: 2/2
   748 | D:2      | Noticed Jessica
   750 | D:2      | Killed Jessica
   751 | D:2      | Reached skill level 1 in Armour
   751 | D:2      | Gained mutation: You are partially covered in molten
                  | scales. (AC +2) [demonic ancestry]
   751 | D:2      | Reached XP level 3. HP: 29/29 MP: 3/3
   913 | D:2      | Reached XP level 4. HP: 36/36 MP: 4/4
  1207 | D:2      | Noticed Robin
  1259 | D:2      | Killed Robin
  1389 | D:3      | Gained mutation: A meltable icy envelope protects you from
                  | harm. (AC +4) [demonic ancestry]
  1389 | D:3      | Reached XP level 5. HP: 30/42 MP: 5/5
  2128 | D:4      | Noticed a centaur
  2143 | D:4      | Killed a centaur
  2144 | D:4      | Gained mutation: You have large cloven feet. [demonic
                  | ancestry]
  2144 | D:4      | Reached XP level 6. HP: 37/48 MP: 6/6
  2188 | D:4      | Noticed Grinder
  2199 | D:4      | Paralysed by Grinder for 3 turns
  2210 | D:4      | Killed Grinder
  2322 | D:4      | Found a sand-covered staircase.
  2330 | D:4      | Reached XP level 7. HP: 52/55 MP: 7/7
  2333 | Ossuary  | Entered an ossuary
  2805 | D:4      | Reached skill level 5 in Fighting
  2835 | D:4      | Found a stormy altar of Qazlal.
  2936 | D:4      | Became a worshipper of Qazlal Stormbringer
  2936 | D:4      | Reached * piety under Qazlal
  2936 | D:4      | Reached ** piety under Qazlal
  2972 | D:4      | Found a staircase to the Ecumenical Temple.
  3044 | D:4      | Noticed Eustachio
  3048 | D:4      | Noticed Pikel
  3087 | D:4      | Killed Pikel
  3088 | D:4      | Reached skill level 5 in Polearms
  3088 | D:4      | Reached skill level 5 in Dodging
  3088 | D:4      | Gained mutation: You regenerate magic rapidly. [demonic
                  | ancestry]
  3088 | D:4      | Reached XP level 8. HP: 15/64 MP: 8/8
  3112 | D:4      | Killed Eustachio
  3252 | D:4      | Killed from afar by an orc priest

Illustrated notes

Levels and vault maps discovered:
D:1:      roderic_crop_circles_arrival_large, layout_basic
D:2:      layout_basic, minmay_distorted, uniq_robin, uniq_jessica
D:3:      layout_basic, minivault_24, minmay_box_of_dots
D:4:      layout_rooms, nicolae_qazlal_eye_of_the_storm,
          mainiacjoe_overflow_chevrons, minmay_temple_entry_statues_fountains,
          gup_ossuary_entry_pyramid, nicolae_elevator_lobby_asterisk,
          uniq_grinder, uniq_eustachio, uniq_pikel, uniq_duvessa

Skill      XL: |  1  2  3  4  5  6  7 |
---------------+----------------------+-----
Polearms       | 3 4 5 |  5.4
Dodging        | 3 4 5 |  5.4
Armour         | 1 2 3 4 |  4.4
Fighting       | 4 5 |  5.9

Action                     |  1- 3 |  4- 6 |  7- 9 || total
---------------------------+-------+-------+-------++-------
  Melee: Spear             |    88 |   244 |   202 ||   534
         Kick              |       |    11 |    94 ||   105
    Use: Scroll            |     1 |       |       ||     1
         Potion            |       |       |     1 ||     1
 Armour: Robe              |     3 |       |       ||     3
         Ring mail         |    27 |    79 |    53 ||   159
         Skin              |     1 |       |     8 ||     9
  Dodge: Dodged            |    27 |   116 |    84 ||   227
  Block: Orb               |     9 |    34 |    41 ||    84

Table legend: (Time is in decaauts)
 A = Elapsed time spent in this place.
 B = Non-inter-level travel time spent in this place.
 C = Inter-level travel time spent in this place.
 D = Time resting spent in this place.
 E = Time spent auto-exploring this place.
 F = Levels seen in this place.
 G = Mean time per level.
                   A        B        C        D        E       F      G
               +--------+--------+--------+--------+--------+-----+--------+
         Total |   3200 |   3042 |    158 |      0 |   2196 |   5 |  640.0 |
       Dungeon |   2762 |   2604 |    158 |      0 |   1914 |   4 |  690.5 |
       Ossuary |    438 |    438 |      0 |      0 |    282 |   1 |  438.0 |
               +--------+--------+--------+--------+--------+-----+--------+

Top non-repeatable levels by time:
     D:3: 765 daAuts
     D:1: 745 daAuts
     D:4: 654 daAuts
     D:2: 596 daAuts
 Ossuary: 438 daAuts
